 Dungeon Crawl Stone Soup version 0.20.0 (webtiles) character file.

59388 Llamajah the Tortoise (level 14, -5/127 HPs)
             Began as a Minotaur Fighter on July 13, 2017.
             Was the Champion of Okawaru.
             Splashed by an acid blob's acid (8 damage)
             ... on level 6 of the Lair of Beasts.
             The game lasted 01:05:41 (18748 turns).

Llamajah the Tortoise (Minotaur Fighter)           Turns: 18748, Time: 01:05:43

Health: -5/127     AC:  1    Str: 28    XL:     14   Next: 53%
Magic:  14/14      EV: 18    Int:  5    God:    Okawaru [******]
Gold:   881        SH: 14    Dex: 21    Spells: 13/13 levels left

rFire    . . .     SeeInvis .   a - +0 war axe
rCold    . . .     Gourm    .   c - +0 shield
rNeg     . . .     Faith    .   V - +9 plate armour {ponderous}
rPois    +         Spirit   .   (helmet restricted)
rElec    +         Reflect  .   P - +2 cloak of the Present {-Tele rElec rPois Slay+2}
rCorr    .         Harm     .   w - +0 pair of gloves {Str+3}
MR       +....     NoTele   +   y - +0 pair of boots
Stlth    ..........             (no amulet)
Regen    0.4/turn               W - +3 ring of slaying
MPRegen  0.2/turn               R - +5 ring of dexterity

@: mighty, corroded, slow
A: retaliatory headbutt, horns 2
a: Heroism, Finesse, Renounce Religion


You were on level 6 of the Lair of Beasts.
You worshipped Okawaru.
Okawaru was exalted by your worship.
You were not hungry.

You visited 3 branches of the dungeon, and saw 18 of its levels.

You collected 1329 gold pieces.
You spent 448 gold pieces at shops.

Inventory:

Hand Weapons
 a - a +0 war axe (weapon)
 I - a +4 scimitar of flaming
Armour
 c - a +0 shield (worn)
 m - +0 ice dragon scales
 w - a +0 pair of gloves of strength (worn)
 y - a +0 pair of boots (worn)
 C - a +2 cloak
 J - +0 pearl dragon scales
 O - a scarf of cloud immunity
 P - the +2 cloak of the Present (worn) {-Tele rElec rPois Slay+2}
   (Okawaru gifted it to you on level 11 of the Dungeon)

   It affects your accuracy and damage with ranged weapons and melee attacks
   (+2).
   It insulates you from electricity.
   It protects you from poison.
   It prevents most forms of teleportation.
 V - a +9 plate armour of ponderousness (worn)
Jewellery
 o - an uncursed ring of see invisible
 s - an uncursed ring of positive energy
 z - a +2 ring of intelligence
 R - a +5 ring of dexterity (right hand)
 S - an uncursed ring of ice
 W - a +3 ring of slaying (left hand)
 Y - the ring "Rikyfoze" {rPois Str+3}
   (You found it on level 7 of the Dungeon)

   [ring of poison resistance]

   It affects your strength (+3).
   It protects you from poison.
Wands
 u - a wand of lightning (0/15)
 B - a wand of scattershot (0/9)
 L - a wand of lightning (8/15)
 Q - a wand of acid (5/15)
 T - a wand of iceblast (3/15)
Scrolls
 b - 5 scrolls of magic mapping
 e - 5 scrolls of remove curse
 l - 5 scrolls of teleportation
 p - 2 scrolls of blinking
 r - 4 scrolls of enchant armour
 D - 5 scrolls of fog
 F - a scroll of torment {unknown}
 M - 2 scrolls of recharging
 U - a scroll of brand weapon
 Z - a scroll of enchant weapon
Potions
 h - 7 potions of lignification
 i - 4 potions of flight
 n - 6 potions of brilliance
 q - 10 potions of curing
 t - a potion of magic
 v - 2 potions of mutation
 x - a potion of agility
 A - 2 potions of haste
 E - a potion of berserk rage
 G - 3 potions of might
 K - a potion of cancellation
Comestibles
 d - 5 royal jellies
 f - 8 bread rations
 g - 12 meat rations
 H - 7 fruits


   Skills:
 + Level 12.5 Fighting
 + Level 12.3 Axes
 * Level 16.1 Armour
 * Level 14.9 Dodging
 - Level 10.4 Shields
 + Level 2.4 Invocations


You had 13 spell levels left.
You didn't know any spells.

Dungeon Overview and Level Annotations

Branches:
Dungeon (11/15)            Temple (1/1) D:6            Lair (6/6) D:10
 Shoals (0/4) Lair:4        Snake (0/4) Lair:3        Slime (0/5) Lair:6
    Orc: D:9-12

Altars:
Cheibriados
Dithmenos
Elyvilon
Fedhas
Gozag
Hepliaklqana
Kikubaaqudgha
Makhleb
Okawaru
Ru
Sif Muna
Trog
Xom
Yredelemnul
Zin
Beogh

Shops:
D:5 ?%(   D:7 %

Annotations:
D:7 exclusion: oklob plant


Innate Abilities, Weirdness & Mutations

You reflexively headbutt those who attack you in melee.
You have a pair of horns on your head.


Message History

You feel much better. You block the acid blob's attack.
You feel much better. The acid blob closely misses you.
You furiously retaliate!
You headbutt the acid blob, but do no damage.
The acid blob hits you!!
You are splashed with acid!
The acid burns!
The blink frog blinks!
You cannot teleport because you are wearing the +2 cloak of the Present {-Tele rElec rPois Slay+2}.
You feel very mighty all of a sudden. The acid blob hits you!
* * * LOW HITPOINT WARNING * * *
You are splashed with acid!
The acid burns!
* * * LOW HITPOINT WARNING * * *
You hit the acid blob.
Your hands burn!
* * * LOW HITPOINT WARNING * * *
You headbutt the acid blob!
The acid blob is almost dead.
The blink frog blinks!
The acid blob hits you!
* * * LOW HITPOINT WARNING * * *
You are splashed with acid!
The acid burns!
You die...

.###.#.# #..## ♣.≈♣♣♣..♣♣...♣♣P≈
..#.†..####..## ♣♣.≈♣♣...♣♣.≈≈≈≈≈
.......##.....# ♣♣..♣♣.♣♣♣♣≈.≈≈≈P
..##.......F..#♣♣≈≈♣♣♣♣♣ ♣♣P≈...
.....P.###....#P.≈.P.### ♣♣♣♣♣♣
#....### #.............##### #
.###..# ##..§..........##..######
####..###...........P#.#......##.
.##..#.###.....J@..........P..#..
.....### #.......................
....## #P..P###########.........
....### ###### #....###...
....#.# ##...# #.## .....## #P.##
### .....# ##.#### ## ....##
##.#..###P ....# ##.........


You could see an acid blob and a blink frog.

Vanquished Creatures
  A fire dragon (Lair:6)
  Josephine (Lair:4)
  3 hydras
  Fannar (D:10)
  An ice dragon (D:11)
  3 two-headed ogres
  Erica (D:8)
  The ghost of spsoon the Destroyer, a novice BaWz of Okawaru (D:6)
  Sonja (Lair:3)
  A swamp dragon (Lair:6)
  Pikel (D:5)
  A wolf spider (D:9)
  2 ugly things (D:11)
  2 cyclopes
  18 elephants
  An eye of devastation (Lair:6)
  A merfolk siren (Lair:4)
  2 black mambas
  Psyche (D:11)
  Joseph (D:8)
  A torpor snail (Lair:3)
  A gargoyle (D:11)
  9 spiny frogs
  4 rime drakes
  10 komodo dragons
  4 polar bears
  4 trolls
  16 blink frogs
  11 dream sheep
  9 hippogriffs
  3 slime creatures (D:10)
  A centaur simulacrum (D:11)
  5 wraiths (Lair:4)
  54 yaks
  2 steam dragons (Lair:6)
  A wyvern (D:10)
  7 basilisks
  4 vampire mosquitoes (D:10)
  The ghost of Llamajah the Shield-Bearer, an amateur FoFi (D:4)
  The ghost of Llamajah the Shield-Bearer, an amateur FoFi of Okawaru (D:5)
  Grum (D:8)
  Edmund (D:5)
  4 nagas (Lair:3)
  11 water moccasins
  An acid dragon (Lair:6)
  7 porcupines
  A swamp drake (Lair:6)
  8 orc warriors
  4 sky beasts
  2 black bears
  A hornet zombie (D:11)
  10 ice beasts
  An eye of draining (Lair:6)
  2 phantoms
  13 ogres
  14 wolves
  15 crocodiles
  11 centaurs
  A big kobold (D:10)
  A gnoll sergeant (D:7)
  10 bullfrogs
  A wyvern skeleton (D:11)
  A scorpion (D:6)
  8 killer bees
  9 wights
  A howler monkey (D:11)
  3 electric eels
  5 centaur zombies
  8 crimson imps
  A bullfrog zombie (D:9)
  9 hounds
  A jelly (D:8)
  A gnoll shaman (D:7)
  6 orc priests
  3 bullfrog skeletons (D:4)
  7 iguanas
  A centaur skeleton (D:3)
  Terence (D:3)
  10 worker ants
  6 orc wizards
  A hound zombie (D:10)
  3 hound skeletons
  2 worker ant zombies
  Robin (D:2)
  2 howler monkey zombies
  12 gnolls
  3 howler monkey skeletons
  15 adders
  2 shadow imps
  4 white imps (D:11)
  An ooze (D:1)
  3 adder skeletons
  A worm (D:4)
  A dart slug (D:1)
  5 leopard geckos
  41 orcs
  A ball python (D:3)
  9 bats
  2 giant cockroaches
  12 goblins
  11 hobgoblins
  15 jackals
  10 kobolds
  4 quokkas
  4 frilled lizards
  A quokka skeleton (D:4)
  8 rats
  3 fungi
  A plant (Lair:3)
571 creatures vanquished.

Vanquished Creatures (others)
  A slave (D:5)
  2 wolves (Lair:3)
  A worker ant (D:5)
  An adder (D:5)
  7 fungi
  16 plants (Lair:6)
  11 toadstools (D:7)
39 creatures vanquished.

Grand Total: 610 creatures vanquished

Notes
Turn   | Place    | Note
-------+----------+-------------------------------------------
     0 | D:1      | Llamajah the Minotaur Fighter began the quest for the Orb.
     0 | D:1      | Reached XP level 1. HP: 19/19 MP: 0/0
    92 | D:1      | Found a snail-covered altar of Cheibriados.
   137 | D:1      | Reached XP level 2. HP: 22/27 MP: 1/1
   426 | D:1      | Reached skill level 1 in Dodging
   615 | D:1      | Reached XP level 3. HP: 33/33 MP: 2/2
   923 | D:2      | Reached skill level 4 in Armour
  1119 | D:2      | Reached XP level 4. HP: 37/40 MP: 3/3
  1137 | D:2      | Noticed Robin
  1158 | D:2      | Killed Robin
  1726 | D:3      | Noticed a sky beast
  1740 | D:3      | Reached XP level 5. HP: 43/47 MP: 4/4
  1753 | D:3      | Killed a sky beast
  1753 | D:3      | Reached skill level 5 in Armour
  1808 | D:3      | Reached XP level 6. HP: 51/53 MP: 5/5
  2069 | D:3      | Noticed Terence
  2079 | D:3      | Killed Terence
  2092 | D:3      | Found a hazy altar of Hepliaklqana.
  2281 | D:4      | Noticed Llamajah's ghost (amateur FoFi)
  2432 | D:4      | Reached skill level 5 in Fighting
  2644 | D:4      | Killed Llamajah's ghost
  2644 | D:4      | Reached skill level 5 in Shields
  2644 | D:4      | Reached XP level 7. HP: 49/61 MP: 6/6
  2679 | D:4      | Reached skill level 6 in Armour
  2767 | D:4      | Reached skill level 5 in Dodging
  2933 | D:4      | Found an opulent altar of Gozag.
  3047 | D:5      | Entered Level 5 of the Dungeon
  3052 | D:5      | Found Siagidol's Weapon Emporium.
  3114 | D:5      | Found Atzan's Food Shoppe.
  3186 | D:5      | Noticed Pikel
  3204 | D:5      | Killed Pikel
  3204 | D:5      | Reached skill level 5 in Axes
  3204 | D:5      | Reached skill level 7 in Armour
  3204 | D:5      | Reached XP level 8. HP: 65/70 MP: 7/7
  3230 | D:5      | Noticed Llamajah's ghost (amateur FoFi)
  3253 | D:5      | Killed Llamajah's ghost
  3321 | D:5      | Found Mac Jeny's Magic Scroll Shoppe.
  3329 | D:5      | Bought a scroll of teleportation for 39 gold pieces
  3329 | D:5      | Bought a scroll of teleportation for 39 gold pieces
  3329 | D:5      | Bought a scroll of teleportation for 39 gold pieces
  3329 | D:5      | Bought a scroll of fear for 45 gold pieces
  3329 | D:5      | Bought a scroll of identify for 26 gold pieces
  3353 | D:5      | Found a white marble altar of Elyvilon.
  3369 | D:5      | Noticed Edmund
  3381 | D:5      | Killed Edmund
  3427 | D:5      | Found a shimmering altar of Xom.
  3427 | D:5      | Found a bloodstained altar of Trog.
  3427 | D:5      | Found an ancient bone altar of Kikubaaqudgha.
  3468 | D:5      | Found a shadowy altar of Dithmenos.
  3473 | D:5      | Found a deep blue altar of Sif Muna.
  3754 | D:5      | Found a basalt altar of Yredelemnul.
  4004 | D:6      | Noticed spsoon's ghost (novice BaWz)
  4044 | D:6      | Killed spsoon's ghost
  4044 | D:6      | Reached skill level 8 in Armour
  4044 | D:6      | Reached XP level 9. HP: 34/78 MP: 8/8
  4388 | D:6      | Found a staircase to the Ecumenical Temple.
  4473 | D:6      | Noticed a cyclops
  4486 | Temple   | Entered the Ecumenical Temple
  4576 | Temple   | Became a worshipper of Warmaster Okawaru
  4606 | D:6      | Killed a cyclops
  5152 | D:7      | Reached skill level 9 in Armour
  5176 | D:7      | Reached * piety under Okawaru
  5491 | D:7      | Found a sacrificial altar of Ru.
  5594 | D:7      | Found Tiaty's Food Shoppe.
  5886 | D:7      | Reached XP level 10. HP: 86/88 MP: 9/9
  5970 | D:7      | Noticed a cyclops
  6007 | D:7      | Reached ** piety under Okawaru
  6028 | D:7      | Found a blossoming altar of Fedhas.
  6055 | D:7      | Noticed an oklob plant
  6427 | D:8      | Noticed Joseph
  6445 | D:8      | Killed Joseph
  6445 | D:8      | Reached skill level 10 in Armour
  6619 | D:8      | Noticed Grum
  6635 | D:8      | Killed Grum
  6980 | D:8      | Reached *** piety under Okawaru
  7098 | D:8      | Noticed Erica
  7106 | D:8      | Killed Erica
  7765 | D:9      | Reached **** piety under Okawaru
  7949 | D:9      | Reached skill level 11 in Armour
  7953 | D:9      | Noticed a two-headed ogre
  7964 | D:9      | Killed a two-headed ogre
  8164 | D:9      | Noticed a two-headed ogre
  8172 | D:9      | Killed a two-headed ogre
  8172 | D:9      | Reached XP level 11. HP: 73/95 MP: 10/10
  8357 | D:9      | Reached skill level 10 in Dodging
  8370 | D:9      | Reached ***** piety under Okawaru
  8495 | D:9      | Noticed a wolf spider
  8503 | D:9      | Killed a wolf spider
  8870 | D:10     | Entered Level 10 of the Dungeon
  8893 | D:10     | Noticed Fannar
  9424 | D:11     | Reached skill level 12 in Armour
  9727 | D:11     | Noticed a green ugly thing
  9733 | D:11     | Noticed Psyche
  9759 | D:11     | Killed a green ugly thing
  9759 | D:11     | Received a gift from Okawaru
  9808 | D:11     | Got a crude cloak {god gift}
  9815 | D:11     | Killed Psyche
 10067 | D:11     | Identified the +2 cloak of the Present {-Tele rElec rPois Slay+2} (Okawaru gifted it to you on level 11 of the Dungeon)
 10100 | D:11     | Noticed a white ugly thing
 10122 | D:11     | Killed a white ugly thing
 10484 | D:11     | Reached skill level 10 in Fighting
 10592 | D:11     | Reached XP level 12. HP: 92/106 MP: 11/11
 10595 | D:11     | Found a roughly hewn altar of Beogh.
 10643 | D:11     | Noticed a two-headed ogre
 10675 | D:11     | Reached skill level 13 in Armour
 10696 | D:11     | Killed a two-headed ogre
 10953 | D:11     | Noticed an ice dragon
 10997 | D:11     | HP: 4/106 [ice dragon/blast of cold (22)]
 10998 | D:11     | Killed an ice dragon
 11789 | D:10     | Killed Fannar
 11789 | D:10     | Reached skill level 10 in Shields
 11818 | D:10     | Found a staircase to the Lair.
 12386 | Lair:1   | Entered Level 1 of the Lair of Beasts
 12520 | Lair:1   | Reached skill level 10 in Axes
 12820 | Lair:1   | Received a gift from Okawaru
 13158 | Lair:1   | Got a topaz-encrusted scale mail
 13169 | Lair:1   | Identified the cursed +1 scale mail of the Gastropod {rF+ MP+9} (You found it on level 1 of the Lair of Beasts)
 13534 | Lair:2   | Reached skill level 14 in Armour
 13780 | Lair:2   | Noticed a six-headed hydra
 13787 | Lair:2   | Killed a three-headed hydra
 13787 | Lair:2   | Reached XP level 13. HP: 99/116 MP: 9/12
 14447 | D:7      | Got a brightly glowing jade ring
 14515 | D:7      | Identified the ring "Rikyfoze" {rPois Str+3} (You found it on level 7 of the Dungeon)
 14626 | D:5      | Bought a scroll of brand weapon for 260 gold pieces
 14878 | Lair:3   | Reached ****** piety under Okawaru
 14887 | Lair:3   | Received a gift from Okawaru
 14890 | Lair:3   | Noticed Sonja
 14905 | Lair:3   | Killed Sonja
 15114 | Lair:3   | Found a staircase to the Snake Pit.
 15719 | Lair:4   | Noticed Josephine
 15735 | Lair:4   | Killed Josephine
 15997 | Lair:4   | Reached skill level 15 in Armour
 16628 | Lair:4   | Found a staircase to the Shoals.
 16902 | Lair:4   | Received a gift from Okawaru
 17075 | Lair:5   | Found a blossoming altar of Fedhas.
 17147 | Lair:5   | Reached XP level 14. HP: 107/126 MP: 13/13
 17605 | Lair:6   | Entered Level 6 of the Lair of Beasts
 17615 | Lair:6   | Reached skill level 1 in Invocations
 18344 | Lair:6   | Found a staircase to the Slime Pits.
 18357 | Lair:6   | Reached skill level 16 in Armour
 18432 | Lair:6   | Noticed an acid blob
 18748 | Lair:6   | HP: 3/127 [acid blob (12)]
 18748 | Lair:6   | Splashed by an acid blob's acid

Skill      XL: |  1  2  3  4  5  6  7  8  9 10 11 12 13 14 |
---------------+-------------------------------------------+-----
Fighting       | 4 5 6 7 8 10 11 12 | 12.5
Dodging        | 1 2 3 4 6 7 8 9 11 12 14 | 14.9
Armour         | 4 5 7 8 9 11 12 14 15 16 | 16.1
Shields        | 4 5 6 7 8 9 10 | 10.4
Axes           | 3 4 5 6 8 9 10 11 12 | 12.3
Invocations    | 2 |  2.4

Action                   |  1- 3 |  4- 6 |  7- 9 | 10-12 | 13-15 || total
-------------------------+-------+-------+-------+-------+-------++-------
Melee: War axe           |    65 |   144 |   294 |   881 |   589 ||  1973
       Headbutt          |     8 |    24 |    76 |   210 |   201 ||   519
       Scimitar          |       |       |       |     3 |    15 ||    18
Invok: Heroism           |       |       |       |     9 |     3 ||    12
Evoke: Wand              |       |       |       |       |     5 ||     5
  Use: Potion            |       |     1 |     3 |     5 |     9 ||    18
       Scroll            |       |       |       |     7 |    18 ||    25
  Eat: Chunk             |     1 |     5 |     9 |    27 |    17 ||    59
       Royal jelly       |       |       |     1 |       |       ||     1
Armor: Scale mail        |    22 |       |       |       |       ||    22
       Chain mail        |     6 |   101 |    17 |       |       ||   124
       Plate armour      |       |       |   127 |   142 |   300 ||   569
       Pearl dragon scal |       |       |       |   139 |       ||   139
       Ice dragon scales |       |       |       |    17 |       ||    17
Dodge: Dodged            |    18 |    56 |    99 |   461 |   305 ||   939
Block: Shield            |    28 |    80 |   180 |   566 |   369 ||  1223
       Rpst.: Scimitar   |       |       |       |     1 |       ||     1
